[Event "CCT Julius Baer-D2 2024"]
[Site "Online"]
[Date "2024.09.27"]
[Round "1.2"]
[White "Yakubboev, Nodirbek"]
[Black "So, Wesley"]
[Result "1-0"]
[ECO "A14"]
[WhiteElo "2663"]
[BlackElo "2831"]
[Annotator "TA"]
[PlyCount "75"]
[EventDate "2024.09.25"]
[EventType "swiss"]
[EventCountry "NET"]
[SourceTitle "playchess.com"]
[Source "ChessBase"]
[SourceQuality "1"]
[TimeControl "600+2"]

1. c4 e6 2. g3 d5 3. Bg2 Nf6 4. Nf3 Be7 5. O-O O-O 6. d3 c5 7. Bf4 {[%emt 0:00:18] A14: Engelse Opening: 1...e6 met b3 door Wit.} (7. cxd5 $11 exd5 8. d4) 7... b6 {[%emt 0:00:56] [#] Fout (0.8)} (7... Nc6 $15) 8. e4 $1 $14 {[%emt 0:00:15] Briljant} Bb7 (8... Nc6 9. exd5) 9. Nc3 {[%emt 0:00:53] Fout (0.8)} (9. exd5 $14 exd5 10. h3) 9... Nc6 $146 {[%emt 0:01:13] Behoudt voordeel. Fout (1.3)} (9... d4 $15 10. Nb1 Nfd7) ({Predecessor:} 9... d4 10. Nb1 Nfd7 11. e5 b5 12. cxb5 a6 13. Na3 Nb6 14. h4 N8d7 15. Re1 Nd5 {½-½ Pham,T (2444)-Sargissian,G (2660) Teplice op 17th 2024 (4)}) 10. e5 {[%emt 0:00:18] Fout (1.0)} (10. exd5 $16 exd5 11. d4) 10... Ne8 $1 $11 {[%emt 0:00:06] Sterk} 11. Qe2 Qd7 {[%emt 0:00:35] Fout (0.7)} (11... Nc7 $11) 12. Rad1 {[%emt 0:00:26] Wit is actiever. Fout (0.6)} (12. Rfd1 $1 $14) 12... Nd4 {[%emt 0:00:37] OK} 13. Nxd4 {[%emt 0:00:15] OK} cxd4 14. Nb1 {[%emt 0:00:45] Fout (0.6)} ({Beter is} 14. Nb5 $14) 14... Nc7 15. Nd2 {[%emt 0:00:30][%cal Bb1d2,Bd2b3,Bb3d4][%mdl 32] EV=20.76. Goes to d4 (dbg))} Qa4 {[%emt 0:00:26] Fout (0.6)} ({Zwart zou moeten proberen} 15... Rad8 $11) 16. Nb3 (16. Qg4 $5 {is scherper.} Rfb8 17. Rc1 Qxa2 18. Bh6) 16... Qxa2 {[%emt 0:00:25] Onnauwkeurig} 17. Nxd4 {[%emt 0:00:05] Ra1 is de sterke dreiging. OK} Qa4 {[%emt 0:00:01] OK} 18. h4 {[%emt 0:00:20] Onnauwkeurig} a5 {[%emt 0:00:42] OK} 19. h5 h6 {[%emt 0:00:05] Beste} 20. g4 {[%emt 0:01:02] Onnauwkeurig} Rad8 21. b3 {[%emt 0:01:31] OK} Qe8 {[%emt 0:00:22] OK} 22. Be3 {[%emt 0:00:16] OK} Ba8 {[%emt 0:00:47] OK} 23. f4 Bc5 24. g5 hxg5 {[%emt 0:00:15] Fout (0.5)} ({Zwart zou moeten spelen} 24... Rd7 $14) 25. fxg5 $16 dxc4 26. dxc4 Bxg2 {[%emt 0:00:09] OK} 27. Kxg2 {[%emt 0:00:12] met als doel voor h6.} ({Veel slechter is} 27. Qxg2 a4 $11) 27... a4 $2 {[%emt 0:00:02] Vermijdt mogelijk problemen. Dit kost Zwart de partij. Fout (1.6)} (27... Bxd4 $16 28. Bxd4 (28. Rxd4 Rxd4 29. Bxd4 b5 $18) 28... a4) 28. h6 $18 {[%emt 0:00:28] Beste (Gemakkelijk)} axb3 $2 {[%emt 0:00:21] Fout (6.1)} (28... Bxd4 29. Bxd4 axb3) 29. Qf3 $2 {[%emt 0:00:16] Fout (5.2)} (29. Nxb3 Qc6+ 30. Qf3 Qxf3+ 31. Kxf3 Bxe3 32. hxg7 (32. Kxe3 Rxd1 33. Rxd1 b5 $11) 32... Kxg7 33. Rxd8 Rxd8 $11) (29. hxg7 {Qh5 zou dodelijk zijn nu.} Kxg7 30. Qf3) 29... Bxd4 $2 {[%emt 0:00:08] Fout (7.3)} (29... gxh6 30. gxh6 Kh7) 30. hxg7 (30. Bxd4 gxh6 31. Bxb6 (31. Qxb3 Qc6+ 32. Kh3 h5 $11) (31. gxh6 Kh7 $11) 31... Qe7 $11 (31... Rxd1 32. Rxd1 Qe7 33. gxh6 $11)) 30... Kxg7 {[%emt 0:00:09] [#] Onnauwkeurig} 31. Qf6+ $1 {[%emt 0:00:05] Wit zet mat.} ({Zwakker is} 31. Bxd4 Qe7 $14) 31... Kg8 {[%emt 0:00:01] [#]} 32. Rh1 $1 Qc6+ 33. Kg3 Bxe5+ 34. Qxe5 f6 35. gxf6 Rxd1 36. Qg5+ Kf7 37. Qg7+ Ke8 38. Qe7# {[%emt 0:00:00] Blunder waarde: Wit=0.40/Zwart=0.81.  Fout:        	Wit=5      	Zwart=8      Onnauwkeurig:    	Wit=2      	Zwart=2      OK:         	Wit=4      	Zwart=6      Beste:        	Wit=1      	Zwart=1      Sterk:        	---       	Zwart=1      Briljant:      	Wit=1      	---} 1-0

[Event "CCT Julius Baer-D2 2024"]
[Site "Online"]
[Date "2024.09.27"]
[Round "1.2"]
[White "Durarbayli, Vasif"]
[Black "Anton Guijarro, David"]
[Result "1-0"]
[ECO "B12"]
[WhiteElo "2654"]
[BlackElo "2662"]
[Annotator "ChessBase"]
[PlyCount "131"]
[EventDate "2024.09.25"]
[EventType "swiss"]
[EventCountry "NET"]
[SourceTitle "playchess.com"]
[Source "ChessBase"]
[SourceQuality "1"]
[TimeControl "600+2"]

1. e4 c6 2. d4 d5 3. e5 Bf5 4. Nf3 e6 5. Be2 Nd7 6. O-O Ne7 7. Nbd2 c5 8. c4 Nc6 9. Nb3 dxc4 10. Bxc4 a6 11. Bg5 Be7 12. Bxe7 Qxe7 13. Nxc5 Nxc5 14. dxc5 Qxc5 15. Rc1 Qe7 16. Nd4 Nxd4 17. Qxd4 O-O 18. Rfd1 Rfd8 19. Qb6 Be4 20. Bf1 Rxd1 21. Rxd1 Bd5 22. Rc1 Qg5 23. Qc7 h5 24. a3 h4 25. h3 g6 26. b4 Kg7 27. Rc3 Rh8 28. Re3 Rh5 29. Qc3 Qf4 30. Be2 Rf5 31. Bf3 Bxf3 32. Rxf3 Qxe5 33. Kf1 Kf6 34. Rxf5+ gxf5 35. Qc8 Qa1+ 36. Ke2 Qb2+ 37. Ke1 Qb1+ 38. Kd2 Qb2+ 39. Ke1 Qe5+ 40. Kf1 Qb5+ 41. Kg1 Ke7 42. Qc7+ Qd7 43. Qc4 Qd1+ 44. Kh2 Qd6+ 45. Kg1 f4 46. Qc8 b5 47. Qh8 Qd1+ 48. Kh2 Qd2 49. Qxh4+ Kf8 50. Qh8+ Ke7 51. Qh4+ Kf8 52. Qh8+ Ke7 53. f3 Qe1 54. Qg7 e5 55. Qg5+ f6 56. Qg7+ Ke6 57. Qg4+ Kd5 58. h4 f5 59. Qg5 Kd4 60. h5 Ke3 61. h6 e4 62. fxe4 fxe4 63. h7 Ke2 64. h8=Q f3 65. gxf3 exf3 66. Qhe5+ 1-0

[Event "CCT Julius Baer-D2 2024"]
[Site "Online"]
[Date "2024.09.27"]
[Round "1.2"]
[White "Beca95"]
[Black "Martinez, Jose"]
[Result "0-1"]
[ECO "E38"]
[WhiteElo "2627"]
[BlackElo "2723"]
[Annotator "NA"]
[PlyCount "88"]
[EventDate "2024.09.25"]
[EventType "swiss"]
[EventCountry "NET"]
[SourceTitle "playchess.com"]
[Source "ChessBase"]
[SourceQuality "1"]
[TimeControl "600+2"]

1. d4 Nf6 2. c4 e6 3. Nc3 Bb4 4. Qc2 c5 5. dxc5 Na6 6. a3 Bxc3+ 7. Qxc3 Nxc5 8. f3 a5 9. e4 d6 10. Be3 Qc7 11. Nh3 a4 12. Nf4 O-O 13. Rc1 Bd7 14. Be2 Rfc8 15. O-O e5 16. Nd5 Nxd5 17. cxd5 Qd8 18. Qb4 b6 19. g4 Rab8 20. Kg2 Rc7 21. Rc2 Rcc8 22. Rfc1 Qe7 23. Qe1 Rf8 24. h4 h5 25. g5 Kh7 26. Kh2 f5 27. Rc4 fxe4 28. fxe4 Bg4 29. Qd1 Qd7 30. Kg3 Bxe2 31. Qxe2 g6 32. Rb4 Rf7 33. Bxc5 dxc5 34. Rxc5 Rf4 35. Rc6 Rg4+ 36. Kf2 Rxh4 37. Ke1 Rh1+ 38. Kd2 Qh3 39. Rf6 Qg3 40. Qf3 Qe1+ 41. Kd3 Qb1+ 42. Kc4 Rc1+ 43. Kb5 Rc5+ 44. Kxa4 Qc2+ 0-1

[Event "CCT Julius Baer-D2 2024"]
[Site "Online"]
[Date "2024.09.27"]
[Round "1.3"]
[White "So, Wesley"]
[Black "Yakubboev, Nodirbek"]
[Result "1-0"]
[ECO "C56"]
[WhiteElo "2819"]
[BlackElo "2675"]
[Annotator "TA"]
[PlyCount "115"]
[EventDate "2024.09.25"]
[EventType "swiss"]
[EventCountry "NET"]
[SourceTitle "playchess.com"]
[Source "ChessBase"]
[SourceQuality "1"]
[TimeControl "600+2"]

1. e4 e5 2. Nf3 Nc6 3. Bc4 d6 4. d4 Nf6 5. O-O Bg4 6. dxe5 {[%emt 0:01:28] C56: Two Knights: 4 d4 exd4 5 0-0 Nxe4.} dxe5 7. Nbd2 Bd6 $146 ({Predecessor:} 7... Bc5 8. c3 O-O 9. Re1 h6 10. Qe2 Re8 11. Nf1 Na5 12. Bb5 c6 13. Ba4 b5 {1-0 Sanabria,M (1463)-Cantero Acuna,L Ciudad del Este op 5th 2015 (7.18)}) 8. h3 Bh5 9. c3 O-O 10. Re1 Nd7 11. Nf1 Kh8 12. Ng3 Bg6 13. h4 h6 14. h5 Bh7 15. Be3 Ne7 16. Nh4 Nf6 17. Qf3 Nfg8 18. Rad1 Qe8 19. Rd3 a5 20. a3 g5 21. Nhf5 (21. hxg6 $1 $16 fxg6 22. Qg4) 21... Bxf5 $14 22. Nxf5 Nxf5 23. Qxf5 Qc8 24. Qf3 (24. Bxf7 $2 {too greedy.} Qxf5 25. exf5 Rxf7 $19) 24... g4 (24... Kg7 $14) 25. Qe2 f5 26. exf5 (26. g3 {is more complex.} fxe4 27. Rd2 Qf5 28. Red1) 26... Qxf5 27. Bxg8 (27. Red1 $16) 27... Rxg8 28. Bxh6 Rae8 29. Qe4 ({White should try} 29. c4 $14) 29... Qxh5 $11 30. Bd2 Re7 (30... Ref8 {looks sharper.} 31. b4 Rg7 32. c4 axb4 33. axb4 Rh7) 31. Rg3 Rh7 (31... Rf7 {is more complex.} 32. b4 b6 33. c4 axb4 34. axb4 Rg6) 32. Kf1 $1 b6 33. c4 (33. b4 $14) 33... Qh4 (33... Rf7 $1 $11 {remains equal.}) 34. Bc3 $16 Rg5 35. Qa8+ Kg7 36. Qe8 (36. Re4 $16) 36... Qh5 {[%emt 0:00:01] [#]} (36... Qh1+ $1 $11 37. Ke2 Qh5 38. Qxh5 Rhxh5) 37. Qxh5 $1 $16 Rhxh5 38. Re4 Rh4 {[%emt 0:00:01] [#]} 39. f4 $1 Rf5 40. Ke2 $1 Rhh5 41. Rxg4+ Kf7 42. fxe5 Bxe5 43. Bxe5 Rxe5 44. Rgf4+ (44. a4 $16) 44... Kg6 (44... Ke6 $14) 45. Rxe5 $16 Rxe5+ 46. Kd3 Rg5 (46... Re1 $16 47. Rf2 Rh1) 47. g4 $18 Rc5 48. b4 axb4 $2 (48... Rg5 {might work better.} 49. b5 Kg7) 49. axb4 $18 Rc6 $2 (49... Rg5 50. Ke4 Kg7) 50. Kd4 Rd6+ 51. Ke5 Rd2 (51... Rd7 $142 52. Rf5 Rh7) 52. Rd4 $18 Re2+ 53. Kd5 Kg5 54. Kc6 Re7 55. c5 bxc5 56. bxc5 Rf7 57. Kb7 Re7 58. c6 1-0

[Event "CCT Julius Baer-D2 2024"]
[Site "Online"]
[Date "2024.09.27"]
[Round "1.3"]
[White "Martinez, Jose"]
[Black "Beca95"]
[Result "1-0"]
[ECO "C70"]
[WhiteElo "2729"]
[BlackElo "2621"]
[Annotator "NA"]
[PlyCount "71"]
[EventDate "2024.09.25"]
[EventType "swiss"]
[EventCountry "NET"]
[SourceTitle "playchess.com"]
[Source "ChessBase"]
[SourceQuality "1"]
[TimeControl "600+2"]

1. e4 e5 2. Nf3 Nc6 3. Bb5 a6 4. Ba4 Bc5 5. c3 Nge7 6. d4 exd4 7. cxd4 Bb4+ 8. Bd2 Bxd2+ 9. Nbxd2 d5 10. e5 O-O 11. O-O f6 12. Re1 fxe5 13. dxe5 Bg4 14. Bxc6 Nxc6 15. Qb3 Rb8 16. Rac1 Kh8 17. h3 Be6 18. Qa3 h6 19. Rxc6 bxc6 20. Nd4 Qe8 21. N2b3 Bxh3 22. Nc5 Bc8 23. e6 Rb6 24. Qc3 a5 25. b3 Rf6 26. Qxa5 Rf4 27. Qd2 Rf8 28. a4 Qe7 29. Qc3 Qf6 30. Re2 Re8 31. Re3 Rb8 32. b4 Ra8 33. a5 Kg8 34. Rf3 Qe5 35. Nd3 Qg5 36. Qxc6 1-0

[Event "CCT Julius Baer-D2 2024"]
[Site "Online"]
[Date "2024.09.27"]
[Round "1.3"]
[White "Vidit, Santosh Gujrathi"]
[Black "Robson, Ray"]
[Result "1-0"]
[ECO "B87"]
[WhiteElo "2720"]
[BlackElo "2700"]
[Annotator "TA"]
[PlyCount "101"]
[EventDate "2024.09.25"]
[EventType "swiss"]
[EventCountry "NET"]
[SourceTitle "playchess.com"]
[Source "ChessBase"]
[SourceQuality "1"]
[TimeControl "600+2"]

1. e4 c5 2. Nf3 d6 3. d4 cxd4 4. Nxd4 Nf6 5. Nc3 a6 6. Bc4 e6 7. Be3 b5 8. Bb3 Qc7 9. Qe2 Be7 10. O-O-O Bd7 11. a3 $1 Nc6 (11... O-O $11) 12. f4 {[%emt 0:00:50] White is more active.} (12. g4 $1 $14) 12... Na5 $11 13. Kb1 Nxb3 14. cxb3 Qb7 15. Bc1 Rc8 16. e5 dxe5 17. fxe5 Rxc3 18. bxc3 Nd5 19. Rd3 O-O 20. Rf1 Qc7 21. Bd2 Bxa3 $2 (21... Rc8 $16 {was necessary.}) 22. Qh5 $2 ({White must play} 22. Rh3 $1 $18) 22... g6 $14 23. Qh6 (23. Qf3 $14 f5 24. exf6 Rxf6 25. Qe2) 23... Qxe5 $11 {[%emt 0:00:11] Black wants to play ...Qe4.} 24. Rh3 {[%emt 0:00:03][%csl Gh3][%cal Rh6h7] The board is on fire.} Qh8 25. b4 $1 {[%emt 0:02:50] [#] Strongly threatening Nc2.} a5 $1 26. bxa5 e5 $36 {[%emt 0:00:11][%mdl 2048] Black has strong initiative.} 27. Nf5 {[%emt 0:00:02] [#]} Nf4 $1 $19 (27... gxf5 28. Rg3+) (27... Bxf5+ $2 28. Rxf5 Re8 29. Qh4 $18) 28. Ne3 (28. g4 Nxh3 (28... gxf5 29. Bxf4 exf4 30. Rxf4 $17) (28... Bxf5+ 29. gxf5 Nxh3 30. Qxh3 $11) 29. Qxh3 gxf5 30. gxf5) 28... Nxh3 (28... Bxh3 $142 29. Nc2 Bf5 (29... Bxg2 $2 30. Rxf4 exf4 31. Nxa3 $19)) 29. gxh3 Qg7 $2 (29... f5 $19 {is more deadly.} 30. Rd1 Be6) 30. Nd5 (30. Qxg7+ $17 Kxg7 31. Ng4 Bxg4 32. hxg4) 30... f6 {[%emt 0:00:12] ...Bf5+ is the strong threat.} 31. a6 (31. Qxg7+ $17 Kxg7 32. Be3) 31... Bf5+ 32. Rxf5 gxf5 33. Qxg7+ Kxg7 {[%emt 0:00:01][%mdl 4096] Endgame. KRB-KBN} 34. Nc7 Kf7 {[%emt 0:00:33] Prevents Ne6} 35. a7 Bc5 36. a8=Q Rxa8 37. Nxa8 f4 38. Kc2 {[%emt 0:00:09] [#]} f3 (38... Bd6 $1 $19 {Threatens to win with ...f5.} 39. c4 (39. Nb6 $2 Ke6 $19) 39... b4 (39... bxc4 40. Nb6 $15) (39... f3 40. Be3 $17)) 39. Kd1 $1 $15 e4 (39... Bd6 $1 $15 40. Be3 Ke6 (40... e4 41. Bb6 $11)) 40. Nc7 $11 e3 {[%emt 0:00:05] ( -> ...f2)} 41. Bxe3 Bxe3 42. Nxb5 {[%emt 0:00:01] KB-KN} Ke6 (42... f2 $5 43. Ke2 $8 Ke6 $11) 43. Ke1 {[%emt 0:00:03] Inhibits Bf2+.} Kd5 44. Kf1 f5 45. c4+ Kc5 (45... Kxc4 $17 46. Nd6+ Kd3) 46. h4 (46. Na3 $1 $11) 46... h5 (46... Kxc4 $17 47. Nd6+ Kd5 48. Nxf5 Bc5) 47. h3 (47. Nc7 $1 $11) 47... f2 (47... Kxc4 $2 48. Nd6+ Kd3 49. Ne8 $19) ({Black should try} 47... f4 $1 $17 48. Nc7 Kxc4) 48. Nc7 {[%emt 0:00:02] The position is equal.} Kxc4 {[%emt 0:00:01] White must now prevent ...Kd3.} 49. Ne6 Kd5 (49... Kd3 $5 50. Ng7 $8 Ke4 51. Nxh5 f4 $11) 50. Ng7 Ke4 {[%emt 0:00:01] ...Bd4 would now be deadly.} 51. Nxh5 {[%emt 0:00:01][%mdl 32768] White used his chance.   Weighted Error Value: White=0.53/Black=0.49.  Loses game:     	White=1     	Black=1      Missed win:     	White=1     	---        Mistake:       	White=8     	Black=7      Inaccurate:     	White=1     	Black=5      OK:         	White=12    	Black=10     Best:        	White=5     	Black=1      Strong:       	White=3     	Black=1      Brilliant:      	---       	Black=1     . Loss on time!?} 1-0

[Event "CCT Julius Baer-D2 2024"]
[Site "Online"]
[Date "2024.09.27"]
[Round "1.3"]
[White "Vidit, Santosh Gujrathi"]
[Black "spicycaterpillar"]
[Result "1-0"]
[ECO "B87"]
[WhiteElo "2686"]
[BlackElo "2704"]
[Annotator "TA"]
[PlyCount "101"]
[EventDate "2024.09.25"]
[EventType "swiss"]
[EventCountry "NET"]
[SourceTitle "playchess.com"]
[Source "ChessBase"]
[SourceQuality "1"]
[TimeControl "600+2"]

1. e4 c5 2. Nf3 d6 3. d4 cxd4 4. Nxd4 Nf6 5. Nc3 a6 6. Bc4 e6 7. Be3 b5 8. Bb3 Qc7 9. Qe2 Be7 10. O-O-O Bd7 11. a3 Nc6 12. f4 Na5 13. Kb1 Nxb3 14. cxb3 Qb7 15. Bc1 Rc8 16. e5 dxe5 17. fxe5 Rxc3 18. bxc3 Nd5 19. Rd3 O-O 20. Rf1 Qc7 21. Bd2 Bxa3 22. Qh5 g6 23. Qh6 Qxe5 24. Rh3 Qh8 $1 25. b4 $1 a5 $1 (25... e5 26. Nf5 Be6 (26... gxf5 27. Rg3+) (26... Bxf5+ $2 27. Rxf5 f6 28. Rf1 $18) 27. Qh4 $18) 26. bxa5 e5 27. Nf5 $2 {[%emt 0:00:02][%mdl 8192] [#]} (27. Nc2 $1 $11 Be7 (27... Bxh3 28. Qxh3 e4 29. Nxa3 $11) 28. Rd3) 27... Nf4 $1 $19 (27... gxf5 28. Rg3+) (27... Bxf5+ 28. Rxf5 Rd8 29. Rfh5 $18) 28. Ne3 $2 (28. g4 Nxh3 (28... gxf5 29. Bxf4 exf4 30. Rxf4 $17) (28... Bxf5+ 29. gxf5 Nxh3 30. Qxh3 $11) 29. Qxh3 gxf5 30. gxf5) 28... Nxh3 (28... Bxh3 $142 29. Qh4 Bxg2 30. Rxf4 exf4) 29. gxh3 $19 Qg7 (29... f5 $19 {and Black stays clearly on top.} 30. Rd1 Bc5) 30. Nd5 (30. Ng4 $17 Bxg4 (30... Bf5+ $2 31. Rxf5 gxf5 32. Qxg7+ Kxg7 33. Bh6+ Kg6 34. Bxf8 $18) 31. hxg4 (31. Qxg7+ Kxg7 32. hxg4 Ra8 $17)) 30... f6 31. a6 (31. Qxg7+ $17 Kxg7 32. Be3) 31... Bf5+ 32. Rxf5 gxf5 33. Qxg7+ Kxg7 34. Nc7 Kf7 35. a7 Bc5 36. a8=Q Rxa8 37. Nxa8 f4 38. Kc2 f3 39. Kd1 e4 (39... Bd6 $1 $15 40. Be3 Ke6 (40... e4 41. c4 $17)) 40. Nc7 $11 e3 41. Bxe3 (41. Bc1 $11) 41... Bxe3 $15 42. Nxb5 Ke6 43. Ke1 Kd5 44. Kf1 f5 45. c4+ ({White should try} 45. h4 $15) 45... Kc5 $17 (45... Kxc4 $6 46. Nd6+ Kd4 47. Nxf5+ Ke4 48. Ng3+ Ke5 49. Nh5 $11) 46. h4 h5 (46... Kxc4 $17 47. Nd6+ Kd5 48. Nxf5 Bc5) 47. h3 $2 (47. Nc7 $1 $11) 47... f2 $2 (47... Kxc4 $19 48. Nd6+ Kd5 49. Nxf5 Bd4 50. Nxd4 Kxd4 51. Kf2 Ke4 52. Kf1 Ke5 (52... Ke3 {leads to mate.} 53. Ke1 Ke4 54. Kf1 Kf5 55. Kg1 Ke5 56. Kf1 Ke4 57. Kf2 Kf4 58. Kf1 Kg3 59. Kg1 Kxh3 60. Kf2 Kg4 61. Kf1 Kxh4 62. Kf2 Kg4 63. Ke3 Kg3 64. Kd3 h4 65. Ke4 h3 66. Ke5 f2 67. Kf6 h2 68. Kf7 f1=Q+ 69. Ke7 h1=Q 70. Kd6 Qf6+ 71. Kc5 Qhc6+ 72. Kb4 Qfc3#) 53. Ke1 Kf5 54. Kf1 Ke4 55. Kf2 Kf4 56. Kf1 Kg3 57. Kg1 Kxh3 58. Kf2 Kg4 59. Kf1 Kxh4 (59... Kg3 {is a self mate.} 60. Kg1 Kxh4 61. Kf2 Kg4 62. Ke3 h4 63. Kf2 h3 64. Kg1 Kf4 65. Kf2 h2 66. Ke1 h1=Q+ 67. Kd2 f2 68. Kc3 f1=Q 69. Kb4 Qb7+ 70. Kc3 Qc1+ 71. Kd4 Qe4#) 60. Kf2 Kg4 61. Ke3 h4 (61... Kg3 62. Ke4 f2 63. Kf5 h4 64. Kf6 h3 65. Ke6 f1=Q 66. Ke5 h2 67. Kd6 h1=Q 68. Kc5 Qb7 69. Kd4 Qbb5 70. Ke4 Qf4#) 62. Kf2 h3 63. Kg1 Kf4 (63... h2+ {gets mated.} 64. Kxh2 Kf4 65. Kh3 Ke3 66. Kg4 f2 67. Kf5 f1=Q+ 68. Ke5 Qd3 69. Kf6 Qd6+ 70. Kg7 Qe7+ 71. Kh8 Kf4 72. Kg8 Kg5 73. Kh8 Kh6 74. Kg8 Qg7#) 64. Kf1 h2 65. Kf2 Ke4 66. Ke1 f2+ (66... h1=R+ 67. Kf2 Rh3 68. Ke1 Rh2 69. Kd1 Re2 70. Kc1 f2 71. Kd1 f1=Q#) (66... h1=Q+ 67. Kd2 Qh2+ 68. Kc3 f2 69. Kc4 f1=Q+ 70. Kc3 Qa2 71. Kb4 Qfc4#) 67. Kxf2 h1=Q (67... h1=R 68. Kg2 Re1 69. Kg3 Rf1 70. Kg4 Rg1+ 71. Kh4 Kf3 72. Kh5 Kf4 73. Kh6 Kf5 74. Kh7 Kf6 75. Kh8 Kf7 76. Kh7 Rh1#) 68. Kg3 Qg1+ 69. Kh4 Kf4 70. Kh5 Qg5#) 48. Nc7 $11 Kxc4 49. Ne6 Kd5 50. Ng7 Ke4 51. Nxh5 1-0

[Event "CCT Julius Baer-D2 2024"]
[Site "Online"]
[Date "2024.09.27"]
[Round "1.3"]
[White "Bok, Benjamin"]
[Black "Macho_"]
[Result "1/2-1/2"]
[ECO "E06"]
[WhiteElo "2672"]
[BlackElo "2590"]
[Annotator "ChessBase"]
[PlyCount "76"]
[EventDate "2024.09.25"]
[EventType "swiss"]
[EventCountry "NET"]
[SourceTitle "playchess.com"]
[Source "ChessBase"]
[SourceQuality "1"]
[TimeControl "600+2"]

1. c4 e6 2. Nf3 d5 3. g3 Nf6 4. Bg2 Be7 5. d4 O-O 6. Nc3 dxc4 7. Ne5 c5 8. dxc5 Qxd1+ 9. Nxd1 Bxc5 10. O-O Nd5 11. Ne3 Nxe3 12. Bxe3 Bxe3 13. fxe3 c3 14. bxc3 f6 15. Rad1 Na6 16. Nd3 Rb8 17. Rf4 Bd7 18. Rd4 Rf7 19. Rd6 Re7 20. Bxb7 Rxb7 21. Rxa6 Bb5 22. Ra5 Bc4 23. Kf2 e5 24. Rd2 Red7 25. Rb2 Rbc7 26. Nb4 Be6 27. Rc2 Bf5 28. Rc1 Rd2 29. Ke1 Rb2 30. Nd5 Rd7 31. Rd1 Rc2 32. Rd2 Rc1+ 33. Rd1 Rc2 34. e4 Bg4 35. Rd2 Rc1+ 36. Rd1 Rc2 37. Rd2 Rc1+ 38. Rd1 Rc2 1/2-1/2

[Event "CCT Julius Baer-D2 2024"]
[Site "Online"]
[Date "2024.09.27"]
[Round "1.3"]
[White "Oparin, Grigoriy"]
[Black "Lazavik, Denis"]
[Result "1/2-1/2"]
[ECO "C44"]
[WhiteElo "2671"]
[BlackElo "2764"]
[Annotator "TA"]
[PlyCount "61"]
[EventDate "2024.09.25"]
[EventType "swiss"]
[EventCountry "NET"]
[SourceTitle "playchess.com"]
[Source "ChessBase"]
[SourceQuality "1"]
[TimeControl "600+2"]

1. e4 e5 2. Nf3 Nc6 3. g3 Nf6 4. d3 d5 5. exd5 Nxd5 6. Bg2 Bd6 7. O-O O-O 8. Re1 h6 {[%emt 0:00:12] The position is equal.} 9. Nbd2 Re8 10. a3 a5 11. Nc4 Bf5 12. Bd2 Qd7 13. Rb1 Bg4 14. Qc1 a4 15. Bc3 Nxc3 16. bxc3 Rab8 17. Nxd6 cxd6 18. Rb6 d5 19. Nd2 e4 20. dxe4 d4 21. Nb1 Ne5 22. cxd4 Qxd4 23. Rb4 Qc5 24. h3 Be6 25. Rxa4 Rbc8 {[%emt 0:00:04][%cal Oe5d3] [#] And now ...Nd3! would win.} 26. Qf4 $2 (26. Re3 $11 {and White is okay.}) 26... Qxc2 $19 {[%emt 0:00:09] ...Nd3 is the strong threat.} 27. Rd4 Nd3 28. Rxd3 Qxd3 29. e5 Bd5 30. Nd2 Bxg2 31. Kxg2 {[%emt 0:00:02] Weighted Error Value: White=0.24 (precise) /Black=0.06 (flawless) .  Loses game:     	White=1     	---        Inaccurate:     	White=3     	Black=2      OK:         	White=8     	Black=13     Best:        	White=1     	Black=1} 1/2-1/2

[Event "CCT Julius Baer-D2 2024"]
[Site "Online"]
[Date "2024.09.28"]
[Round "2"]
[White "So, Wesley"]
[Black "Madaminov, Mukhiddin"]
[Result "1-0"]
[ECO "C42"]
[WhiteElo "2752"]
[BlackElo "2512"]
[Annotator "TA"]
[PlyCount "89"]
[EventDate "2024.09.25"]
[EventType "swiss"]
[EventCountry "NET"]
[SourceTitle "playchess.com"]
[Source "ChessBase"]
[SourceQuality "1"]
[TimeControl "600+2"]

1. e4 e5 2. Nf3 Nf6 3. Nxe5 d6 4. Nf3 Nxe4 5. Bd3 Nf6 6. O-O {[%emt 0:00:03] C42: Petroff Defence: 3 Nxe5 and unusual White 3rd moves.} Be7 7. c3 O-O 8. h3 Nbd7 9. Bc2 b6 10. d4 Bb7 11. Re1 Re8 12. a4 $5 {[%emt 0:00:27][%mdl 4] Leaves trodden paths.} a6 13. Be3 $146 ({Predecessor:} 13. Bg5 h6 14. Bh4 Nh5 15. Qd3 Nf8 16. Bxe7 Rxe7 17. Nbd2 Nf6 18. Bb3 Rxe1+ 19. Rxe1 Qd7 20. Re3 Re8 21. Qe2 Rxe3 22. Qxe3 a5 23. Bd1 Bc6 24. b3 Nd5 {½-½ Movsesian,S (2716)-Kasimdzhanov,R (2672) Donostia-A San Sebastian 2009 (7)}) 13... Nd5 14. Nbd2 Nxe3 15. Rxe3 Nf6 16. Qf1 Nd5 17. Ree1 g6 18. Be4 Qc8 19. h4 Nf6 20. Bxb7 Qxb7 21. Qd3 Bf8 22. Ng5 Bg7 23. Qc4 d5 24. Qd3 c5 25. g3 h6 26. Ngf3 Ne4 27. Nf1 Qd7 28. Ne3 c4 29. Qc2 Qc6 30. h5 Re6 31. Re2 Rae8 32. Rae1 b5 (32... g5 $11 {was preferrable.}) 33. axb5 $14 axb5 34. Ng2 (34. hxg6 $16 fxg6 35. Ng2) 34... Rd6 $2 (34... g5 $11) 35. hxg6 $18 fxg6 36. Nd2 Nf6 (36... Rde6 {keeps fighting.} 37. Nf4 R6e7 38. Nxe4 Rxe4 39. Rxe4 Rxe4 40. Rxe4 dxe4) 37. Qxg6 $18 Rxe2 38. Rxe2 Re6 (38... Ne4 {was called for.} 39. Qh5 Nf6) 39. Re5 $18 Rxe5 40. dxe5 Qe8 41. Qf5 Nd7 42. e6 Nf8 43. Qxd5 Qxe6 44. Qxb5 Qe1+ (44... Qe2 $18 45. Qxc4+ Qxc4 46. Nxc4 Ng6) 45. Nxe1 1-0